 Dungeon Crawl Stone Soup version 0.28.0-53-g5a82cb258f (webtiles) character file.

Game seed: 18092534323142417254

2511 Sin92 the Chopper (level 9, 0/73 HPs)
             Began as a Demonspawn Fighter on July 5, 2022.
             Was a Priest of Okawaru.
             Slain by a slime creature (7 damage)
             ... on level 7 of the Dungeon.
             The game lasted 00:10:31 (6195 turns).

Sin92 the Chopper (Demonspawn Fighter)              Turns: 6195, Time: 00:10:33

Health: 0/73       AC: 13    Str: 22    XL:     9   Next: 28%
Magic:  9/9        EV:  6    Int:  9    God:    Okawaru [***...]
Gold:   315        SH: 15    Dex: 14    Spells: 8/8 levels left

rFire   . . .      SeeInvis .   a - +0 war axe (flame)
rCold   + . .      Faith    .   h - +0 kite shield of Imperfection {rC+ Regen+ Dex+2}
rNeg    . . .      Spirit   .   m - +0 chain mail
rPois   .          Reflect  +   (no helmet)
rElec   .          Harm     .   e - +0 cloak {rCorr}
rCorr   +          Rampage  .   (no gloves)
Will    .....                   (no boots)
Stlth   ..........              u - amulet of reflection
HPRegen 1.02/turn               k - ring of resist corrosion
MPRegen 0.11/turn               (no ring)

@: no status effects
A: rugged brown scales 2, spiny 2, demonic magic 1
a: Renounce Religion, Heroism


You were on level 7 of the Dungeon.
You worshipped Okawaru.
Okawaru was most pleased with you.
You visited 2 branches of the dungeon, and saw 8 of its levels.

You collected 315 gold pieces.

Inventory:

Hand Weapons
 a - a +0 war axe of flaming (weapon)
 v - a +0 vorpal spear
Armour
 b - a +0 scale mail
 c - a +0 buckler
 e - a +0 cloak of preservation (worn)
 h - the +0 kite shield of Imperfection (worn) {rC+ Regen+ Dex+2}
   (You found it on level 3 of the Dungeon)

   Dex:       It affects your dexterity (+2).
   rC:        It protects you from cold.
   Regen:     It increases your rate of health regeneration.
 m - a +0 chain mail (worn)
 s - a +0 plate armour
Jewellery
 k - a ring of resist corrosion (left hand)
 p - a ring of magical power
 q - a ring of ice
 u - an amulet of reflection (around neck)
Wands
 w - a wand of iceblast (8)
Scrolls
 i - a scroll of brand weapon
 l - a scroll of fear
 o - 4 scrolls of magic mapping
 t - 8 scrolls of identify
 x - a scroll of blinking {unknown}
Potions
 d - a potion of berserk rage
 f - a potion of heal wounds
 g - 4 potions of haste
 j - 3 potions of curing
 n - a potion of brilliance
 r - a potion of mutation


   Skills:
 + Level 6.3 Fighting
 * Level 7.5 Axes
 + Level 5.7 Armour
 + Level 5.8 Shields


You had 8 spell levels left.
You didn't know any spells.
Your spell library contained the following spells:

 Spells                   Type           Power      Damage    Failure   Level
 Foxfire                  Conj/Fire      0%         2x1d4     100%        1
 Static Discharge         Conj/Air       0%         N/A       100%        2
 Conjure Flame            Conj/Fire      0%         6-21      100%        3
 Inner Flame              Hex/Fire       0%         N/A       100%        3
 Dispel Undead            Necr           0%         3d6       100%        4
 Flame Wave               Conj/Fire      0%         2d4       100%        4
 Sticky Flame             Conj/Fire      0%         2d3       100%        4
 Iskenderun's Battlesphe  Conj           0%         2d6       100%        5
 Iron Shot                Conj/Erth      0%         9d1       100%        6
 Spellforged Servitor     Conj/Summ      Unusable   N/A       N/A         7

Dungeon Overview and Level Annotations

Branches:
Dungeon (7/15)             Temple (1/1) D:4

Altars:
Ashenzari
Cheibriados
Dithmenos
Elyvilon
Kikubaaqudgha
Okawaru
Ru
Sif Muna
Uskayaw
Vehumet
Yredelemnul
Zin
The Shining One

Shops:
D:5 **

Annotations:
D:6 1 runed translucent door


Innate Abilities, Weirdness & Mutations

You are mostly covered in rugged brown scales. (AC +2, +5% HP)
You are mostly covered in sharp spines.
Spells you cast may paralyse adjacent enemies.


Message History

The slime creature hits you!
You are too injured to fight recklessly!
Unknown command.
You are too injured to fight recklessly!
Unknown command.
You are too injured to fight recklessly!
Unknown command.
You slash the slime creature! You burn the slime creature.
The slime creature is almost dead.
You slash the slime creature! You burn the slime creature.
You slash the slime creature! You burn the slime creature.
You hit the slime creature. You burn the slime creature.
You block the slime creature's attack. The slime creature hits you. x2
* * * LOW HITPOINT WARNING * * *
You block the slime creature's attack.
You hit the slime creature. You burn the slime creature.
The slime creature is almost dead.
You slash the slime creature! You burn the slime creature.
You slash the slime creature! You burn the slime creature.
You slash the slime creature! You burn the slime creature.
The slime creature is struck by your spines.
The slime creature closely misses you.
The slime creature is struck by your spines.
The slime creature barely misses you.
The slime creature is struck by your spines.
The slime creature hits you but does no damage.
You block the slime creature's attack. x2
You slash the slime creature! You burn the slime creature.
You kill the slime creature!
Okawaru accepts your kill.
You barely miss the slime creature. You hit the slime creature.
You burn the slime creature. You completely miss the slime creature.
The slime creature is struck by your spines.
The slime creature hits you but does no damage.
The slime creature hits you!
* * * LOW HITPOINT WARNING * * *
The slime creature hits you.
* * * LOW HITPOINT WARNING * * *
The slime creature hits you!
You die...

......#..........#
......#..........#
......#..........#
......#.##.####..#
#### ###### #..###
#....# #....#
#....# #.@J.#
#JJ..# #....#
#...## #....
.....# .....#
......#


You could see 3 slime creatures.

Vanquished Creatures
  A slime creature (D:7)
  Sigmund (D:5)
  A water moccasin (D:6)
  An acid dragon (D:6)
  An ice beast (D:6)
  A necrophage (D:6)
  2 orc warriors (D:6)
  A sky beast (D:6)
  5 ogres
  A centaur (D:5)
  A gnoll sergeant (D:7)
  2 scorpions
  A howler monkey (D:4)
  A bullfrog zombie (D:5)
  A hound (D:4)
  3 bullfrog skeletons
  2 jellies (D:5)
  Crazy Yiuf (D:2)
  2 centaur skeletons
  2 orc priests (D:6)
  A gnoll shaman (D:4)
  5 orc wizards
  2 iguanas
  A scorpion zombie (D:5)
  A killer bee zombie (D:5)
  2 hound skeletons
  A howler monkey zombie (D:5)
  14 gnolls
  5 adders
  A shadow imp (D:7)
  3 white imps (D:6)
  An ufetubus (D:3)
  2 adder zombies (D:5)
  An adder skeleton (D:4)
  A worm (D:4)
  2 dart slugs
  18 orcs
  5 ball pythons
  6 bats
  7 endoplasms
  6 giant cockroaches
  6 goblins
  11 hobgoblins
  2 jackals (D:2)
  5 quokkas
  4 frilled lizards
  A jackal skeleton (D:6)
  7 kobolds
  4 rats
156 creatures vanquished.

Vanquished Creatures (others)
  2 fungi (D:2)
  9 plants (D:5)
11 creatures vanquished.

Grand Total: 167 creatures vanquished

Notes
Turn   | Place    | Note
-------+----------+-------------------------------------------
     0 | D:1      | Sin92 the Demonspawn Fighter began the quest for the Orb.
     0 | D:1      | Reached XP level 1. HP: 18/18 MP: 1/1
    97 | D:1      | Reached skill level 2 in Axes
   497 | D:1      | Gained mutation: You are partially covered in sharp spines.
                  | [demonic ancestry]
   497 | D:1      | Reached XP level 2. HP: 15/24 MP: 2/2
  1136 | D:2      | Reached XP level 3. HP: 29/29 MP: 3/3
  1947 | D:2      | Found a runed translucent door.
  1948 | D:2      | Noticed Crazy Yiuf
  1991 | D:2      | Killed Crazy Yiuf
  1992 | D:2      | Gained mutation: You are mostly covered in sharp spines.
                  | [demonic ancestry]
  1992 | D:2      | Reached XP level 4. HP: 21/35 MP: 4/4
  2174 | D:3      | Reached skill level 3 in Axes
  2180 | D:3      | Identified the +0 kite shield of Imperfection {rC+ Regen+
                  | Dex+2}
  2402 | D:3      | Found a faded altar of an unknown god.
  2443 | D:3      | Reached XP level 5. HP: 42/42 MP: 5/5
  2834 | D:4      | Reached XP level 6. HP: 48/48 MP: 6/6
  2971 | D:4      | Reached skill level 4 in Axes
  3167 | D:4      | Found a staircase to the Ecumenical Temple.
  3182 | Temple   | Entered the Ecumenical Temple
  3223 | Temple   | Became a worshipper of Warmaster Okawaru
  3462 | D:4      | Found an ancient bone altar of Kikubaaqudgha.
  4334 | D:5      | Entered Level 5 of the Dungeon
  4340 | D:5      | Gained mutation: You are partially covered in rugged brown
                  | scales. (AC +1, +3% HP) [demonic ancestry]
  4340 | D:5      | Reached XP level 7. HP: 49/56 MP: 7/7
  4384 | D:5      | Reached * piety under Okawaru
  4393 | D:5      | Reached skill level 5 in Axes
  4497 | D:5      | Noticed Sigmund
  4505 | D:5      | Killed Sigmund
  4506 | D:5      | Reached skill level 5 in Fighting
  4506 | D:5      | Gained mutation: You are mostly covered in rugged brown
                  | scales. (AC +2, +5% HP) [demonic ancestry]
  4506 | D:5      | Reached XP level 8. HP: 57/65 MP: 8/8
  4565 | D:5      | Reached ** piety under Okawaru
  4617 | D:5      | Found a shadowy altar of Dithmenos.
  4775 | D:5      | Reached skill level 6 in Axes
  5060 | D:5      | Found Xuar's Specific Store.
  5063 | D:5      | Found Amam's General Store.
  5224 | D:6      | Reached skill level 5 in Shields
  5229 | D:6      | Reached skill level 5 in Armour
  5376 | D:6      | Reached *** piety under Okawaru
  5393 | D:6      | Reached skill level 7 in Axes
  5396 | D:6      | Gained mutation: Spells you cast may paralyse adjacent
                  | enemies. [demonic ancestry]
  5396 | D:6      | Reached XP level 9. HP: 45/72 MP: 7/9
  5729 | D:6      | Found a runed translucent door.
  5733 | D:6      | Found a basalt altar of Yredelemnul.
  6195 | D:7      | Slain by a slime creature

Illustrated notes

Levels and vault maps discovered:
D:1:      psy_arrival_wood_between_worlds, layout_rooms, chequers_garden
D:2:      layout_loops_ring, uniq_crazy_yiuf_cottage
D:3:      layout_basic, hellmonk_ecumenical_altar_heavens_door
D:4:      layout_layer_cave, minitemple, minmay_temple_entry_drinking_statues,
          enter_ossuary_5
D:5:      layout_cave_pools, grunt_dithmenos_smoke_and_mirrors, serial_bayou,
          serial_bayou_shore_a, serial_bayou_pond_a, serial_bayou_pond_a,
          serial_bayou_lagoon_a, serial_bayou_pond_b, nicolae_specific_store,
          grunt_ministairs_9, uniq_sigmund
D:6:      layout_cave_pools, dk_yredelemnul_ordeal
D:7:      layout_gridville
Temple:   nicolae_temple_elliptical

Skill      XL: |  1  2  3  4  5  6  7  8 |
---------------+-------------------------+-----
Axes           | 2 3 4 5 7 |  7.5
Armour         | 3 4 5 |  5.7
Shields        | 3 4 5 |  5.8
Fighting       | 4 5 6 |  6.3

Action                   |  1- 3 |  4- 6 |  7- 9 || total
-------------------------+-------+-------+-------++-------
Melee: War axe           |    89 |    95 |   153 ||   337
Invok: Heroism           |       |       |     1 ||     1
  Use: Scroll            |     5 |     1 |     9 ||    15
       Potion            |       |     1 |     4 ||     5
 Stab: Invisible         |       |       |     4 ||     4
Armor: Scale mail        |    54 |       |       ||    54
       Chain mail        |       |    62 |    56 ||   118
Dodge: Dodged            |    44 |    32 |    46 ||   122
Block: Buckler           |    30 |     6 |       ||    36
       Kite shield       |       |    53 |   128 ||   181
       Reflection        |       |       |     1 ||     1
